 Dungeon Crawl Stone Soup version 0.28-a0-592-g6fc52098c6 (webtiles) character file.

Game seed: 1820963826630919362

932 MrRokkomies the Ducker (level 8, -1/59 HPs)
             Began as a Djinni Hedge Wizard on Oct 4, 2021.
             Slain by a two-headed ogre (24 damage)
             ... on level 8 of the Dungeon.
             The game lasted 00:16:20 (7397 turns).

MrRokkomies the Ducker (Djinni Hedge Wizard)        Turns: 7397, Time: 00:16:22

Health: -1/59      AC:  7    Str:  9    XL:     8   Next: 33%
Gold:   13         EV: 13    Int: 17    God:
                   SH:  5    Dex: 12

rFire   + + .      SeeInvis .   a - +1 dagger (venom)
rCold   . . .      Faith    .   e - +0 buckler {AC+3}
rNeg    . . .      Spirit   .   s - +1 robe of Mutualism {rC+ rCorr Int-2}
rPois   ∞          Reflect  .   c - +0 hat
rElec   .          Harm     .   (no cloak)
rCorr   +          Rampage  .   d - +0 pair of gloves
Will    .....                   (boots unavailable)
Stlth   +.........              (no amulet)
HPRegen 0.19/turn               (no ring)
MPRegen 0.00/turn               (no ring)

@: silenced, flying
A: sickness immunity, fire resistance 2, cold vulnerability 1, float, innate
caster, hp casting, extra vitality 1
a: no special abilities


You were on level 8 of the Dungeon.
You visited 1 branch of the dungeon, and saw 6 of its levels.

You collected 166 gold pieces.
You spent 153 gold pieces at shops.

Inventory:

Hand Weapons
 a - a +1 dagger of venom (weapon)
Armour
 c - a +0 hat (worn)
 d - a +0 pair of gloves (worn)
 e - a +0 buckler of protection (worn)
 s - the +1 robe of Mutualism (worn) {rC+ rCorr Int-2}
   (You bought it in a shop on level 3 of the Dungeon)

   Int:       It affects your intelligence (-2).
   rC:        It protects you from cold.
   rCorr:     It protects you from acid and corrosion.
Magical Staves
 b - a staff of fire
Wands
 h - a wand of acid (3)
Potions
 i - a potion of mutation {unknown}
 j - a potion of degeneration {unknown}
 l - 2 potions of curing {unknown}
 o - a potion of cancellation {unknown}
 p - a potion of ambrosia {unknown}
 r - 2 potions of brilliance {unknown}


   Skills:
 * Level 5.2 Fighting
 + Level 5.3 Dodging
 - Level 1.5 Stealth
 - Level 4.0 Shields
 * Level 3.7 Spellcasting


You couldn't memorise any spells.
You knew the following spells:

 Your Spells              Type           Power      Damage    Failure   Level
a - Magic Dart            Conj           60%        1d6       3%          1
b - Blink                 Tloc           N/A        N/A       5%          2
c - Call Imp              Summ           15%        N/A       5%          2
d - Slow                  Hex            15%        N/A       5%          2
e - Conjure Flame         Conj/Fire      15%        6-21      11%         3
f - Mephitic Cloud        Conj/Pois/Air  15%        N/A       11%         3
g - Sting                 Tmut/Pois      60%        1d6       3%          1
h - Scorch                Fire           30%        2d6       5%          2
i - Dazzling Flash        Conj/Hex       30%        N/A       11%         3
Your spell library was empty.

Dungeon Overview and Level Annotations

Branches:
Dungeon (5/15)
 Temple: D:4-7

Altars:
Nemelex Xobeh
Qazlal
Beogh

Shops:
D:3 [*[*[   D:4 *

Annotations:
D:8 3 runed translucent doors, Gastronok; Harold; WhatIsLove's ghost, novice TrMo


Innate Abilities, Weirdness & Mutations

You are immune to sickness and miasma.
You are immune to poison.
Your flesh is very heat resistant. (rF++)
You are vulnerable to cold. (rC-)
You float through the air rather than walking.
You learn spells naturally, not from books.
Your magical power is your life essence.
You have superior vitality. (+4 HP)


Message History

The bolt of acid misses the two-headed ogre.
The bolt of acid hits the yak!
The acid corrodes the yak!
The yak is moderately wounded.
The bolt of acid hits your crimson imp!
You kill your crimson imp!
Your crimson imp disappears in a puff of smoke!
The water moccasin misses you.
Unknown command.
Aiming: Corrosive Bolt
Press: ? - help, Shift-Dir - straight line, f/p - water moccasin
Aim: a water moccasin (silenced, almost dead, poisoned, 53% to hit)
The bolt of acid hits the water moccasin!
The acid corrodes the water moccasin!
You kill the water moccasin!
The bolt of acid hits the two-headed ogre!
The acid corrodes the two-headed ogre!
The two-headed ogre is lightly wounded.
The bolt of acid hits the yak!
The yak seems to be corroded for longer.
The yak is severely wounded.
Your Dodging skill increases to level 5!
You have reached level 8!
You feel clever.
That's the wrong kind of item! (Use * to select it.) Evoke which item? (* to show all) (? for menu, Esc to quit)
Aiming: Corrosive Bolt
Press: ? - help, Shift-Dir - straight line, f - two-headed ogre
Aim: a two-headed ogre, wielding two +0 giant clubs (silenced, lightly wounded, covered in acid, 86% to hit)
The bolt of acid hits the two-headed ogre!
The two-headed ogre is moderately wounded.
The bolt of acid hits the yak!
The yak seems to be corroded for longer.
You kill the yak!
The two-headed ogre hits you with a +0 giant club!!
The two-headed ogre hits you with a +0 giant club!
* * * LOW HITPOINT WARNING * * *
Your Fighting skill increases to level 5!
You feel much better.
The two-headed ogre hits you with a +0 giant club!!
You die...

)...#.#..#
[...#.+..#
_.8.#.+..#
[...#.+.##
...o#o#.#
..##oo#.#
..8#oo#.#
..##oo#O#
8...oW#@#
#######8#
###


You could see a two-headed ogre (corroded), an orc warrior, 2 orc priests,
WhatIsLove's ghost and 6 orcs.

Vanquished Creatures
  A yak (D:8)
  A water moccasin (D:8)
  A sky beast (D:5)
  3 ogres
  A scorpion (D:4)
  A water moccasin zombie (D:5)
  A bullfrog skeleton (D:5)
  A jelly (D:4)
  An orc priest (D:5)
  4 gnolls (D:4)
  3 adders
  2 dart slugs (D:2)
  6 orcs (D:3)
  6 bats
  4 endoplasms
  3 giant cockroaches
  7 hobgoblins
  8 kobolds
  A quokka (D:2)
  5 ball pythons
  3 frilled lizards
  3 goblins
  3 rats (D:2)
69 creatures vanquished.

Notes
Turn   | Place    | Note
-------+----------+-------------------------------------------
     0 | D:1      | MrRokkomies the Djinni Hedge Wizard began the quest for the
                  | Orb.
     0 | D:1      | Reached XP level 1. HP: 15/15 MP: 0/0
   746 | D:1      | Reached XP level 2. HP: 21/21 MP: 0/0
  1027 | D:1      | Found a faded altar of an unknown god.
  1837 | D:2      | Reached XP level 3. HP: 23/25 MP: 0/0
  1837 | D:2      | Learned a level 1 spell: Sting
  3097 | D:3      | Identified a scroll of acquirement
  3097 | D:3      | Acquired a +0 buckler of protection
  3098 | D:3      | Found Pygheit's Antique Armour Shop.
  3515 | D:3      | Found Ukoxof's General Store.
  3530 | D:3      | Found Iguk's Antique Armour Shoppe.
  3587 | D:3      | Reached XP level 4. HP: 30/31 MP: 0/0
  3859 | D:3      | Found Emoagar's Armour Shop.
  3899 | D:3      | Found Ehuewk's General Store.
  3996 | D:3      | Reached skill level 1 in Fighting
  4054 | D:3      | Found a stormy altar of Qazlal.
  4416 | D:3      | Found a sparkling altar of Nemelex Xobeh.
  4429 | D:3      | Reached skill level 1 in Shields
  4602 | D:4      | Noticed a scorpion
  4615 | D:4      | Killed a scorpion
  4616 | D:4      | Reached XP level 5. HP: 25/38 MP: 0/0
  4616 | D:4      | Learned a level 2 spell: Scorch
  4991 | D:4      | Noticed an ogre
  5032 | D:4      | Killed an ogre
  5033 | D:4      | Reached XP level 6. HP: 12/45 MP: 0/0
  5661 | D:4      | Found Recoummu's Elemental Accessories.
  5863 | D:5      | Entered Level 5 of the Dungeon
  6079 | D:5      | Noticed an ogre
  6092 | D:5      | Killed an ogre
  6093 | D:5      | Reached XP level 7. HP: 23/50 MP: 0/0
  6093 | D:5      | Learned a level 3 spell: Dazzling Flash
  6611 | D:3      | Bought a smoking robe for 153 gold pieces
  6611 | D:3      | Identified the +1 robe of Mutualism {rC+ rCorr Int-2} (You
                  | bought it in a shop on level 3 of the Dungeon)
  7298 | D:5      | You are sucked into a shaft and drop 3 floors!
  7298 | D:8      | Noticed Harold
  7298 | D:8      | Noticed a two-headed ogre
  7330 | D:8      | Noticed a water moccasin
  7331 | D:8      | Noticed a yak
  7332 | D:8      | Noticed a yak
  7332 | D:8      | Noticed a yak
  7343 | D:8      | Noticed Gastronok
  7354 | D:8      | Found a runed translucent gate.
  7355 | D:8      | Found a runed translucent gate.
  7355 | D:8      | Noticed WhatIsLove's ghost (novice TrMo)
  7357 | D:8      | Found a runed translucent gate.
  7395 | D:8      | Killed a water moccasin
  7396 | D:8      | Reached skill level 5 in Dodging
  7396 | D:8      | Reached XP level 8. HP: 40/58 MP: 0/0
  7396 | D:8      | Killed a yak
  7397 | D:8      | Reached skill level 5 in Fighting
  7397 | D:8      | Slain by a two-headed ogre

Illustrated notes

Levels and vault maps discovered:
D:1:      dpeg_arrival_round_b, layout_loops_corners,
          shapermc_ecumenical_altar_mp_vishouse, nrook_loot_triangle
D:2:      layout_basic
D:3:      layout_loops_ring, mainiacjoe_overflow_small_starburst,
          nemelex_dance_club_becter, serial_shops, nicolae_shop_statue_plus,
          nicolae_shop_behind_doors, shop_statue, shop, nicolae_shop_crystal
D:4:      layout_loops_cross, nicolae_elemental_shop
D:5:      layout_basic, kennysheep_generic_room_16
D:8:      cheibrodos_barr_body, layout_basic, biasface_ghost_orc_armoury,
          uniq_harold, uniq_gastronok, uniq_maggie

Skill      XL: |  1  2  3  4  5  6  7  8 |
---------------+-------------------------+-----
Dodging        | 3 4 5 |  5.3
Spellcasting   | 3 |  3.7
Fighting       | 2 3 4 5 |  5.2
Shields        | 1 2 3 4 |  4.0
Stealth        | |  1.5

Action                   |  1- 3 |  4- 6 |  7- 9 || total
-------------------------+-------+-------+-------++-------
Melee: Dagger            |    77 |   103 |    33 ||   213
 Cast: Magic Dart        |    57 |    25 |    15 ||    97
       Call Imp          |     1 |     4 |     3 ||     8
       Mephitic Cloud    |       |     4 |     1 ||     5
       Scorch            |       |     5 |     2 ||     7
       Blink             |       |     1 |       ||     1
       Dazzling Flash    |       |       |     1 ||     1
Evoke: Wand              |       |       |     3 ||     3
  Use: Scroll            |     5 |       |     5 ||    10
       Potion            |       |       |     2 ||     2
 Stab: Sleeping          |     1 |     1 |     1 ||     3
Armor: Robe              |    17 |    35 |     7 ||    59
Dodge: Dodged            |    56 |    54 |    36 ||   146
Block: Buckler           |     4 |    16 |    13 ||    33

Table legend: (Time is in decaauts)
 A = Elapsed time spent in this place.
 B = Non-inter-level travel time spent in this place.
 C = Inter-level travel time spent in this place.
 D = Time resting spent in this place.
 E = Time spent auto-exploring this place.
 F = Levels seen in this place.
 G = Mean time per level.
                   A        B        C        D        E       F      G
               +--------+--------+--------+--------+--------+-----+--------+
         Total |   7406 |   7056 |    350 |   1253 |   4921 |   6 | 1234.3 |
       Dungeon |   7406 |   7056 |    350 |   1253 |   4921 |   6 | 1234.3 |
               +--------+--------+--------+--------+--------+-----+--------+

Top non-repeatable levels by time:
     D:2: 1983 daAuts
     D:3: 1799 daAuts
     D:4: 1258 daAuts
     D:5: 1163 daAuts
     D:1: 1103 daAuts
     D:8: 98 daAuts
